 Dungeon Crawl Stone Soup version 0.27-a0-1529-g1e82c303ef (webtiles) character file.

Game seed: 10617463810206510722

17546 Sin92 the Nimble (level 12, 0/94 HPs)
             Began as a Demonspawn Fighter on July 11, 2021.
             Slain by a minotaur zombie (11 damage)
             ... in a Gauntlet.
             The game lasted 00:31:49 (13016 turns).

Sin92 the Nimble (Demonspawn Fighter)              Turns: 13016, Time: 00:31:49

Health: 0/94       AC: 14    Str: 22    XL:     12   Next: 19%
Magic:  12/12      EV: 21    Int: 15    God:
Gold:   737        SH: 14    Dex: 19    Spells: 11/11 levels left

rFire    . . .     SeeInvis .   h - +9 hand axe of Yribaoco {drain, *Slow rPois rN++ Int+4}
rCold    . . .     Faith    .   b - +2 kite shield of Limited Liability {rElec rN+ rCorr Stlth+}
rNeg     + + +     Spirit   .   H - +2 ring mail "Emnauguo" {rN+ Slay+6}
rPois    +         Reflect  .   (no helmet)
rElec    +         Harm     .   n - +0 cloak
rCorr    +         Rampage  .   v - +0 pair of gloves
Will     .....     Rnd*Rage +   (no boots) Stlth ++........NoTele +
                                (no amulet)
HPRegen  0.25/turn              f - +4 ring of evasion
MPRegen  0.13/turn              y - +6 ring of dexterity

@: mighty, studying 2 skills
A: talons 2, icy blue scales 2, foul stench 3, berserk 1, strong 1
a: no special abilities


You were in a Gauntlet.
You visited 3 branches of the dungeon, and saw 14 of its levels.
You also visited: Sewer and Gauntlet.

You collected 737 gold pieces.

Inventory:

Hand Weapons
 a - the +8 whip "Snakebite" {curare, rPois}
   (You found it on level 1 of the Lair of Beasts)

   It poisons the flesh of those it strikes.
   rPois:     It protects you from poison.
 h - the +9 hand axe of Yribaoco (weapon) {drain, *Slow rPois rN++ Int+4}
   (You found it on level 6 of the Dungeon)

   A truly terrible weapon, it drains the life of those it strikes.
   Int:       It affects your intelligence (+4).
   rPois:     It protects you from poison.
   rN:        It greatly protects you from negative energy.
   *Slow:     It may slow you when you take damage.
 q - a +0 vampiric spear
Missiles
 l - 5 curare-tipped darts (quivered)
 K - a throwing net
Armour
 b - the +2 kite shield of Limited Liability (worn) {rElec rN+ rCorr Stlth+}
   (You acquired it on level 1 of the Lair of Beasts)

   rElec:     It insulates you from electricity.
   rN:        It protects you from negative energy.
   rCorr:     It protects you from acid and corrosion.
   Stlth:     It makes you more stealthy.
 c - a +2 kite shield
 d - the +4 chain mail of the Marlin {+Inv rC- Int+3 Dex+5}
   (You found it in a Gauntlet)

   Int:       It affects your intelligence (+3).
   Dex:       It affects your dexterity (+5).
   rC:        It makes you vulnerable to cold.
   +Inv:      It lets you turn invisible.
 e - a +2 pair of boots of flying
 k - a +1 chain mail of positive energy
 n - a +0 cloak (worn)
 v - a +0 pair of gloves (worn)
 H - the +2 ring mail "Emnauguo" (worn) {rN+ Slay+6}
   (You found it on level 6 of the Dungeon)

   Slay:      It affects your accuracy & damage with ranged weapons and melee
   (+6).
   rN:        It protects you from negative energy.
Jewellery
 f - a +4 ring of evasion (left hand)
 i - a +4 ring of protection
 y - a +6 ring of dexterity (right hand)
 I - a ring of positive energy
Scrolls
 j - a scroll of magic mapping
 u - 2 scrolls of teleportation
 E - 4 scrolls of identify
 N - a scroll of enchant weapon
Potions
 g - 6 potions of curing
 s - a potion of cancellation
 z - 2 potions of heal wounds
 A - 4 potions of flight
 G - a potion of magic


   Skills:
 + Level 8.7 Fighting
 + Level 8.2(9.1) Axes
 - Level 6.0(8.0) Polearms
 + Level 7.8 Armour
 * Level 11.7 Dodging
 + Level 7.9 Shields


You had 11 spell levels left.
You didn't know any spells.
Your spell library contained the following spells:

 Spells                   Type           Power      Damage    Failure   Level
 Animate Skeleton         Necr           0%         N/A       71%         1
 Apportation              Tloc           0%         N/A       71%         1
 Corona                   Hex            0%         N/A       71%         1
 Summon Small Mammal      Summ           0%         N/A       71%         1
 Ensorcelled Hibernation  Hex/Ice        0%         N/A       83%         2
 Passwall                 Tmut/Erth      0%         N/A       83%         2
 Poisonous Vapours        Pois/Air       0%         N/A       83%         2
 Mephitic Cloud           Conj/Pois/Air  0%         N/A       97%         3
 Swiftness                Air            0%         N/A       97%         3
 Tukima's Dance           Hex            0%         N/A       97%         3
 Freezing Cloud           Conj/Ice/Air   0%         6-21      100%        5
 Invisibility             Hex            0%         N/A       100%        6


Dungeon Overview and Level Annotations

Branches:
Dungeon (12/15)            Temple (1/1) D:5            Lair (2/6) D:11
    Orc (0/2) D:10          Sewer (visited)         Gauntlet (1/1)
  Swamp: Lair:2-4    Shoals: Lair:2-4     Snake: Lair:2-4    Spider: Lair:2-4

Altars:
Ashenzari
Cheibriados
Dithmenos
Fedhas
Gozag
Hepliaklqana
Kikubaaqudgha
Makhleb
Nemelex Xobeh
Okawaru
Qazlal
Ru
Sif Muna
Trog
Uskayaw
Vehumet
Wu Jian
Xom
Yredelemnul
Zin
The Shining One

Shops:
D:11 [

Annotations:
D:3 1 runed translucent door, Papr's ghost, amateur MiBe Gauntlet 21 runed translucent doors, 6 transporters, exclusion: ice statue


Innate Abilities, Weirdness & Mutations

You have razor-sharp toenails.
You are mostly covered in icy blue scales. (AC +3)
You frequently emit foul miasma when damaged in melee.
You tend to lose your temper in combat.
Your muscles are strong. (Str +2)


Message History

The minotaur is severely wounded.
You slash the minotaur! Your kick misses the minotaur.
The minotaur is almost dead.
You kill the minotaur!
i - a +4 ring of protection;
j - a scroll of magic mapping
Things that are here:
a +0 morningstar of protection; 6 silver javelins; a +3 scale mail of willpower
Okay, then.
You pick up a manual of Shields and begin studying.
You pick up a book of Vapours and begin reading...
You add the spells Poisonous Vapours, Mephitic Cloud and Freezing Cloud to your library.
There is a gate leading back out of this place here.
Items here: ( [[[[ || }.
Okay, then.
There is a fountain of sparkling water here.
You open the door.
A minotaur zombie comes into view.
The minotaur zombie misses you. The minotaur zombie closely misses you.
There is an open door here.
You slash the minotaur zombie! You claw the minotaur zombie!
The minotaur zombie is lightly damaged.
You hit the minotaur zombie. You claw the minotaur zombie!
The minotaur zombie is moderately damaged.
You block the minotaur zombie's attack. The minotaur zombie gores you.
* * * LOW HITPOINT WARNING * * *
You slash the minotaur zombie! You claw the minotaur zombie!
The minotaur zombie is heavily damaged.
The minotaur zombie completely misses you.
The minotaur zombie gores you but does no damage.
You barely miss the minotaur zombie. Your kick misses the minotaur zombie.
The minotaur zombie is heavily damaged.
You slice the minotaur zombie!!
The minotaur zombie is severely damaged.
The minotaur zombie hits you.
* * * LOW HITPOINT WARNING * * *
The minotaur zombie gores you but does no damage.
You slice the minotaur zombie!!
The minotaur zombie is severely damaged.
You block the minotaur zombie's attack. The minotaur zombie gores you!
You die...

.#..#.8.##...#
.#..#...##.#.#
.#..#.8....#.#
##..#...##.#.####+##
##..#...##...##..⌠.#
...≈#.©.##.#.##∩...#
...∩#......#.')...⌠+
...§#.©.##.#.##.⌠..#
##..#...##...###@###
.#..#...##.#.# #Z#
.#..#.8....#.# ###
[#..#...##.#.#
.#..#.8.##...#
©#..#...###### [#..#
!#..# .#..#


You could see a minotaur zombie.

Vanquished Creatures
  A minotaur (Gauntlet)
  A great orb of eyes (Gauntlet)
  Pikel (D:4)
  3 ugly things
  A centaur zombie (D:10)
  4 black mambas (Lair:1)
  5 elephants
  A gargoyle (D:11)
  2 rime drakes (Gauntlet)
  2 komodo dragons (Lair:1)
  2 trolls
  Prince Ribbit (D:6)
  9 blink frogs
  Grinder (D:5)
  7 dream sheep (Lair:2)
  A meliai zombie (D:11)
  Sigmund (D:6)
  2 wraiths (D:11)
  Eustachio (D:6)
  2 basilisks (D:11)
  2 wyverns
  2 vampire mosquitoes (D:10)
  2 wargs (D:10)
  An acid dragon (D:9)
  12 water moccasins
  Edmund (D:4)
  An orc warrior (D:11)
  Purgy (Sewer)
  4 sky beasts
  2 black bears
  A necrophage (D:4)
  A lemure (D:4)
  A phantom (D:5)
  Blork the orc (D:5)
  2 kobold brigands
  3 bullfrogs
  2 scorpions (D:7)
  A water moccasin skeleton (D:6)
  7 wights
  4 jellies
  4 orc priests
  2 centaur skeletons
  2 bullfrog skeletons
  4 hounds
  A gnoll shaman (D:9)
  Crazy Yiuf (D:3)
  Jessica (D:3)
  Natasha (thrice) (D:2)
  9 orc wizards
  Terence (D:3)
  A killer bee zombie (D:7)
  4 gnolls (D:9)
  9 adders
  A howler monkey skeleton (D:4)
  2 white imps
  2 ufetubi
  An adder skeleton (D:4)
  A worm (D:3)
  19 orcs
  9 ball pythons
  2 bat zombies (D:10)
  15 endoplasms
  7 giant cockroaches
  9 goblins
  3 hobgoblins (D:2)
  4 jackals (D:5)
  25 kobolds
  6 quokkas
  6 bats
  9 frilled lizards
  5 rats
  A rat zombie (D:10)
268 creatures vanquished.

Vanquished Creatures (others)
  10 fungi
  41 plants
  11 toadstools (D:4)
62 creatures vanquished.

Grand Total: 330 creatures vanquished

Notes
Turn   | Place    | Note
-------+----------+-------------------------------------------
     0 | D:1      | Sin92 the Demonspawn Fighter began the quest for the Orb.
     0 | D:1      | Reached XP level 1. HP: 18/18 MP: 1/1
    19 | D:1      | You fall into a shaft and drop 1 floor!
    49 | D:2      | Gained mutation: You have sharp toenails. [demonic
                  | ancestry]
    49 | D:2      | Reached XP level 2. HP: 10/24 MP: 2/2
    73 | D:2      | Noticed Natasha
    75 | D:2      | Noticed a crimson imp
    76 | D:2      | Killed Natasha
    77 | D:2      | Reached XP level 3. HP: 12/29 MP: 3/3
   805 | D:1      | Reached skill level 1 in Dodging
  1151 | D:1      | Gained mutation: You may rarely emit foul miasma when
                  | damaged in melee. [demonic ancestry]
  1151 | D:1      | Reached XP level 4. HP: 35/35 MP: 4/4
  1152 | D:1      | Gained mutation: You tend to lose your temper in combat.
                  | [potion of mutation]
  1152 | D:1      | Gained mutation: Your muscles are strong. (Str +2) [potion
                  | of mutation]
  1272 | D:1      | Reached skill level 1 in Polearms
  1862 | D:2      | Noticed Natasha
  1878 | D:2      | Killed Natasha
  1901 | D:2      | Noticed Natasha
  1911 | D:2      | Killed Natasha
  2230 | D:2      | Gained mutation: You sometimes emit foul miasma when
                  | damaged in melee. [demonic ancestry]
  2230 | D:2      | Reached XP level 5. HP: 41/41 MP: 5/5
  2448 | D:3      | Noticed Terence
  2453 | D:3      | Killed Terence
  2510 | D:3      | Found a faded altar of an unknown god.
  2688 | D:3      | Found a stormy altar of Qazlal.
  2821 | D:3      | Noticed Jessica
  2825 | D:3      | Killed Jessica
  3015 | D:3      | Found a runed translucent door.
  3015 | D:3      | Noticed Papr's ghost (amateur MiBe)
  3095 | D:3      | Found a runed translucent door.
  3096 | D:3      | Noticed Crazy Yiuf
  3102 | D:3      | Killed Crazy Yiuf
  3103 | D:3      | Gained mutation: You are partially covered in icy blue
                  | scales. (AC +2) [demonic ancestry]
  3103 | D:3      | Reached XP level 6. HP: 41/48 MP: 6/6
  3291 | D:4      | Reached skill level 2 in Dodging
  3507 | D:4      | Noticed Pikel
  3550 | D:4      | Killed Pikel
  3551 | D:4      | Gained mutation: You are mostly covered in icy blue scales.
                  | (AC +3) [demonic ancestry]
  3551 | D:4      | Reached XP level 7. HP: 47/55 MP: 7/7
  3974 | D:4      | Reached XP level 8. HP: 59/61 MP: 8/8
  4233 | D:4      | Noticed Edmund
  4256 | D:4      | Killed Edmund
  4257 | D:4      | Reached skill level 3 in Dodging
  4680 | D:5      | Entered Level 5 of the Dungeon
  4750 | D:5      | Reached skill level 5 in Fighting
  4837 | D:5      | Found a sacrificial altar of Ru.
  4841 | D:5      | Noticed Blork the orc
  4853 | D:5      | Killed Blork the orc
  4916 | D:5      | Found a staircase to the Ecumenical Temple.
  4936 | Temple   | Entered the Ecumenical Temple
  5220 | D:5      | Noticed Grinder
  5229 | D:5      | Paralysed by Grinder for 4 turns
  5240 | D:5      | Killed Grinder
  5241 | D:5      | Reached skill level 5 in Polearms
  5731 | D:6      | Found an iron altar of Okawaru.
  5734 | D:6      | Noticed Sigmund
  5738 | D:6      | Identified the +9 hand axe of Yribaoco {drain, *Slow rPois
                  | rN++ Int+4}
  5745 | D:6      | Killed Sigmund
  5746 | D:6      | Reached XP level 9. HP: 67/68 MP: 9/9
  5755 | D:6      | Found a glowing drain.
  5783 | Sewer    | Entered a sewer
  5802 | Sewer    | Noticed Purgy
  5820 | Sewer    | Killed Purgy
  5821 | Sewer    | Reached skill level 5 in Armour
  5999 | D:6      | Noticed Eustachio
  6017 | D:6      | Killed Eustachio
  6018 | D:6      | Reached skill level 4 in Dodging
  6018 | D:6      | Reached skill level 5 in Shields
  6180 | D:6      | Noticed Prince Ribbit
  6196 | D:6      | Killed Prince Ribbit
  6197 | D:6      | Reached skill level 5 in Axes
  6252 | D:6      | Found a shimmering blue altar of Sif Muna.
  6450 | D:6      | Identified the +2 ring mail "Emnauguo" {rN+ Slay+6}
  7107 | D:7      | You fall into a shaft and drop 3 floors!
  7107 | D:10     | Entered Level 10 of the Dungeon
  7149 | D:10     | Gained mutation: You have razor-sharp toenails. [demonic
                  | ancestry]
  7149 | D:10     | Reached XP level 10. HP: 46/76 MP: 10/10
  7296 | D:9      | Identified a scroll of acquirement
  7296 | D:9      | Acquired a manual of Dodging
  7353 | D:9      | Reached skill level 5 in Dodging
  7468 | D:9      | Noticed a red ugly thing
  7477 | D:9      | Killed a red ugly thing
  7931 | D:9      | Found a shimmering altar of Xom.
  8062 | D:9      | Found a hazy altar of Hepliaklqana.
  8078 | D:9      | Found a blossoming altar of Fedhas.
  8172 | D:9      | Reached skill level 6 in Dodging
  8508 | D:9      | Found an opulent altar of Gozag.
  8872 | D:10     | Found an ancient bone altar of Kikubaaqudgha.
  8914 | D:10     | Found a staircase to the Orcish Mines.
  9522 | D:11     | Noticed a gargoyle
  9534 | D:11     | Killed a gargoyle
  9535 | D:11     | Reached skill level 7 in Dodging
  9933 | D:11     | Found Kepio's Armour Boutique.
  9987 | D:11     | Found a staircase to the Lair.
 10010 | D:11     | Noticed an elephant
 10027 | D:11     | Killed an elephant
 10028 | D:11     | Reached skill level 8 in Dodging
 10043 | D:11     | Identified the +8 great sword "Ucwinomp" {elec, rN+}
 10307 | D:12     | Noticed a six-headed hydra
 10313 | D:12     | Noticed a smoke demon
 10353 | Lair:1   | Entered Level 1 of the Lair of Beasts
 10354 | Lair:1   | Acquired the +2 kite shield of Limited Liability {rElec rN+
                  | rCorr Stlth+}
 10363 | Lair:1   | Reached XP level 11. HP: 84/84 MP: 11/11
 10473 | Lair:1   | Reached skill level 9 in Dodging
 10954 | Lair:1   | Reached skill level 10 in Dodging
 11072 | Lair:1   | Found the +8 whip "Snakebite" {curare, rPois}
 11909 | Lair:2   | Reached skill level 11 in Dodging
 11920 | Lair:2   | Found a gate leading to a gauntlet.
 11932 | Gauntlet | Entered a Gauntlet
 11932 | Gauntlet | Found a large runed translucent door.
 11932 | Gauntlet | Found a large runed translucent door.
 11932 | Gauntlet | Found a large runed translucent door.
 11932 | Gauntlet | Found a large runed translucent door.
 11932 | Gauntlet | Found a large runed translucent door.
 11932 | Gauntlet | Found a large runed translucent door.
 11932 | Gauntlet | Found a large runed translucent door.
 11932 | Gauntlet | Found a large runed translucent door.
 11932 | Gauntlet | Found a runed translucent door.
 11932 | Gauntlet | Found a runed translucent gate.
 11932 | Gauntlet | Found a transporter.
 11932 | Gauntlet | Found a transporter.
 11932 | Gauntlet | Found a runed translucent gate.
 11932 | Gauntlet | Found a transporter.
 12187 | Gauntlet | Found a transporter.
 12188 | Gauntlet | Found a transporter.
 12197 | Gauntlet | Found a transporter.
 12201 | Gauntlet | Found a transporter.
 12203 | Gauntlet | Noticed a red ugly thing
 12206 | Gauntlet | Noticed a great orb of eyes
 12207 | Gauntlet | Noticed a green ugly thing
 12211 | Gauntlet | Found a transporter.
 12214 | Gauntlet | Noticed a green death
 12285 | Gauntlet | Found a runed translucent door.
 12286 | Gauntlet | Found a large runed translucent door.
 12286 | Gauntlet | Found a large runed translucent door.
 12286 | Gauntlet | Found a large runed translucent door.
 12286 | Gauntlet | Found a large runed translucent door.
 12287 | Gauntlet | Found a large runed translucent door.
 12287 | Gauntlet | Found a large runed translucent door.
 12288 | Gauntlet | Found a large runed translucent door.
 12288 | Gauntlet | Found a large runed translucent door.
 12297 | Gauntlet | Found a runed translucent gate.
 12303 | Gauntlet | Found a transporter.
 12315 | Gauntlet | Found a transporter.
 12317 | Gauntlet | Found a transporter.
 12327 | Gauntlet | Found a transporter.
 12343 | Gauntlet | Noticed a necromancer
 12591 | Gauntlet | Identified the -3 cloak of Hubris {rCorr Str+4}
 12960 | Gauntlet | Killed a red ugly thing
 12960 | Gauntlet | Killed a green ugly thing
 12960 | Gauntlet | Paralysed by a great orb of eyes for 2 turns
 12961 | Gauntlet | Gained mutation: You frequently emit foul miasma when
                  | damaged in melee. [demonic ancestry]
 12961 | Gauntlet | Reached XP level 12. HP: 91/94 MP: 7/12
 12963 | Gauntlet | Killed a great orb of eyes
 12969 | Gauntlet | Identified the +4 chain mail of the Marlin {+Inv rC- Int+3
                  | Dex+5}
 12992 | Gauntlet | Noticed a minotaur
 13000 | Gauntlet | Killed a minotaur
 13004 | Gauntlet | Identified the -7 barding of Grottiness {Int+7 Stlth-}
 13016 | Gauntlet | Slain by a minotaur zombie

Illustrated notes

Levels and vault maps discovered:
D:1:      dpeg_arrival_castle, layout_basic
D:2:      layout_loops_cross, uniq_natasha
D:3:      layout_loops_ring, lemuel_crystal_altar, ebering_ghost_inner_flame,
          ebering_ecumenical_altar_box, uniq_crazy_yiuf_cottage, uniq_terence,
          uniq_jessica
D:4:      cheibrodos_fertilizer, layout_cave_pods, st_stairs_12,
          serial_bayou_lake_a, uniq_edmund, uniq_pikel
D:5:      layout_loops_cross, lemuel_crystal_altar, kennysheep_mini_moat,
          minmay_temple_entry_stoned_glass, chequers_serial_rivers_small_b,
          uniq_grinder, uniq_blork_the_orc
D:6:      layout_basic, mainiacjoe_overflow_alcove_2,
          mainiacjoe_overflow_chevrons, okawaru_ov_weapons_minmay,
          portal_sewer_entry_f, ebering_dispersal_statue_hall,
          minmay_statues_item, uniq_prince_ribbit1, uniq_sigmund, uniq_eustachio
D:7:      layout_basic, mrwooster_statue_mirror
D:9:      layout_basic, nicolae_overflow_quartered_altars,
          nicolae_straight_to_the_point
D:10:     layout_loops_ring, lemuel_zombie_altar_kikubaaqudgha, david_orc_3
D:11:     layout_basic, david_lair_generic, serial_shops, nicolae_square_shop
D:12:     layout_stronghold, uniq_urug
Temple:   cyrus_temple_forest
Lair:1:   minmay_guarded_unrand_snakebite, layout_long_grid
Lair:2:   layout_chaotic_city, gauntlet_entry_generic,
          nicolae_volcano_entry_lava_flow, chequers_serial_rivers_micro_a,
          minmay_lair_oklob_chamber, lemuel_fruit_tree, uniq_sonja
Gauntlet: gammafunk_gauntlet_hard_choice
          [gammafunk_gauntlet_arena_split_diamond,
          minmay_gauntlet_arena_make_your_own_arena,
          gammafunk_gauntlet_arena_corners, nicolae_gauntlet_swirl,
          nicolae_gauntlet_arena_x, nicolae_gauntlet_arena_quarters,
          gauntlet_exit_hidden_loot]

Skill      XL: |  1  2  3  4  5  6  7  8  9 10 11 |
---------------+----------------------------------+-----
Axes           | 2 3 4 6 7 8 |  8.2
Shields        | 3 4 5 6 7 |  7.9
Armour         | 3 4 5 6 7 |  7.8
Dodging        | 1 2 3 4 8 11 | 11.7
Polearms       | 1 2 3 4 5 6 |  6.0
Fighting       | 4 5 6 7 8 |  8.7

Action                   |  1- 3 |  4- 6 |  7- 9 | 10-12 || total
-------------------------+-------+-------+-------+-------++-------
Melee: War axe           |     5 |       |       |       ||     5
       Spear             |    67 |   190 |   236 |       ||   493
       Kick              |    14 |    62 |   111 |   109 ||   296
       Hand axe          |       |       |   119 |   257 ||   376
Evoke: Wand              |       |       |       |     1 ||     1
  Use: Potion            |     1 |     2 |     5 |     5 ||    13
       Scroll            |       |     3 |     4 |    11 ||    18
Armor: Scale mail        |    46 |     9 |       |       ||    55
       Chain mail        |       |    40 |   130 |       ||   170
       Ring mail         |       |       |    18 |    54 ||    72
       Skin              |       |       |       |     3 ||     3
Dodge: Dodged            |    28 |    62 |   143 |   140 ||   373
Block: Kite shield       |    43 |    73 |   217 |   160 ||   493

Table legend: (Time is in decaauts)
 A = Elapsed time spent in this place.
 B = Non-inter-level travel time spent in this place.
 C = Inter-level travel time spent in this place.
 D = Time resting spent in this place.
 E = Time spent auto-exploring this place.
 F = Levels seen in this place.
 G = Mean time per level.
                   A        B        C        D        E       F      G
               +--------+--------+--------+--------+--------+-----+--------+
         Total |  13240 |  12603 |    637 |   2126 |   7687 |  16 |  827.5 |
       Dungeon |  10251 |   9764 |    487 |   1209 |   6353 |  11 |  931.9 |
        Temple |     88 |     64 |     24 |      0 |     56 |   1 |   88.0 |
          Lair |   1594 |   1468 |    126 |    148 |    976 |   2 |  797.0 |
         Sewer |    222 |    222 |      0 |      0 |    151 |   1 |  222.0 |
      Gauntlet |   1084 |   1084 |      0 |    769 |    151 |   1 | 1084.0 |
               +--------+--------+--------+--------+--------+-----+--------+

Top non-repeatable levels by time:
     D:4: 1556 daAuts
  Lair:1: 1500 daAuts
     D:9: 1439 daAuts
     D:2: 1421 daAuts
Gauntlet: 1084 daAuts
     D:1: 1054 daAuts
    D:11: 999 daAuts
     D:5: 975 daAuts
     D:6: 965 daAuts
    D:10: 810 daAuts
     D:3: 761 daAuts
     D:7: 256 daAuts
   Sewer: 222 daAuts
  Lair:2: 93 daAuts
  Temple: 88 daAuts
